Map: [ESL] Alcyone

Players

Clem

  • Race: Terran Terran
  • Spawn Location: 7:00

SHIN - Winner!

  • Race: Zerg Zerg
  • Spawn Location: 1:00

Event: IEM Katowice 2024

VOD

Have the link to the VOD?

Description

Time

  • Played on: Feb. 9, 2024, 6:04 a.m.
  • Length: 7:10

All games in this series

Show
View Real Time Build Order
Export as new Build Order

Clem Terran 

Build Orders:  

Get SALT Encoding   

  12  0:00  SCV  
  13  0:12  SCV  
  14  0:19  Supply Depot  
  14  0:24  SCV  
  15  0:40  SCV  
  15  0:42  Barracks  
  16  0:43  Refinery  
  16  0:52  SCV  
  17  1:01  Barracks  
  17  1:05  SCV  
  18  1:16  Barracks  
  18  1:20  SCV  
  19  1:29  Reaper  
  19  1:31  Refinery  
  20  1:44  Orbital Command  
  20  1:48  Reaper  
  21  1:58  Supply Depot  
  21  2:01  Reaper  
  23  2:08  Reaper  
  23  2:20  Reaper, SCV  
  25  2:32  SCV  
  25  2:33  Reaper  
  27  2:39  Supply Depot  
  27  2:40  Reaper  
  28  2:44  SCV  
  29  2:53  Reaper  
  29  2:56  SCV  
  31  3:05  Reaper  
  31  3:09  SCV  
  31  3:11  Command Center  
  33  3:21  SCV  
  34  3:29  Factory  
  34  3:33  Barracks Reactor, SCV  
  34  3:42  Marine  
  34  3:44  Bunker  
  34  3:45  SCV  
  36  3:48  Supply Depot  
  36  3:57  SCV  
  38  4:08  Barracks Tech Lab  
  38  4:09  SCV  
  38  4:21  SCV  
  38  4:22  Hellion x2  
  38  4:23  Orbital Command  
  43  4:27  Barracks Reactor  
  43  4:28  Marine  
  44  4:34  Barracks Reactor, SCV  
  45  4:43  Command Center  
  45  4:46  SCV  
  45  4:48  SCV  
  45  4:51  Marine  
  48  4:54  Hellion  
  48  4:57  Hellion  
  48  4:58  SCV  
  53  5:01  SCV  
  53  5:04  Supply Depot  
  53  5:05  Marine x2  
  56  5:11  Starport  
  56  5:12  SCV  
  57  5:14  SCV  
  57  5:15  Marine  
  57  5:17  Marine  
  60  5:25  Marine  
  65  5:29  Cyclone x2  
  65  5:31  Marine  
  65  5:32  Bunker  
  66  5:36  Marine  
  66  5:39  Supply Depot, SCV x2  
  66  5:40  Marine  
  70  5:50  Supply Depot  
  70  5:54  Medivac, Marine x2  
  70  5:55  Marine  
  70  5:57  Marine  
  72  6:02  Marine  
  72  6:03  SCV x2  
  71  6:08  Orbital Command  
  70  6:11  Bunker, Supply Depot  
  70  6:14  Marine  
  70  6:15  SCV  
  70  6:16  SCV  
  71  6:20  Marine  
  73  6:27  SCV  
  73  6:29  SCV  
  73  6:31  Marine  
  68  6:38  Marine  
  65  6:42  Marine x2  
  65  6:46  Marine  
  60  6:55  SCV  
  60  6:56  SCV  
Show
View Real Time Build Order
Export as new Build Order

SHIN Zerg - Winner!

Build Orders: Hatch First 

Get SALT Encoding   

  12  0:00  Drone  
  13  0:12  Overlord  
  13  0:16  Drone  
  14  0:30  Drone x2  
  16  0:48  Hatchery  
  15  0:51  Drone  
  15  0:55  Drone  
  17  0:58  Drone  
  18  1:09  Extractor  
  17  1:13  Spawning Pool  
  17  1:16  Drone  
  17  1:19  Drone  
  18  1:28  Drone  
  19  1:39  Drone  
  20  1:49  Drone  
  21  2:00  Queen x2  
  21  2:01  Zergling x4  
  27  2:10  Overlord  
  27  2:12  Zergling x2  
  27  2:14  Metabolic Boost  
  28  2:30  Zergling x4  
  28  2:34  Zergling x4  
  28  2:36  Queen  
  33  2:38  Queen  
  33  2:42  Overlord  
  35  2:49  Overlord  
  35  3:01  Zergling x4  
  35  3:08  Zergling x10  
  40  3:15  Drone  
  40  3:16  Drone  
  40  3:19  Drone x3  
  45  3:27  Queen  
  45  3:28  Drone  
  45  3:31  Drone  
  45  3:38  Drone  
  46  3:43  Drone  
  47  3:50  Hatchery  
  47  3:52  Drone  
  47  3:54  Drone  
  48  3:56  Drone  
  48  4:00  Drone  
  48  4:01  Extractor  
  48  4:02  Extractor, Drone  
  49  4:09  Roach Warren  
  48  4:13  Overlord  
  48  4:15  Drone  
  49  4:18  Drone  
  49  4:19  Drone  
  49  4:22  Overlord  
  50  4:39  Overlord  
  50  4:48  Roach x4  
  50  4:49  Roach x3  
  66  4:52  Roach  
  66  4:58  Roach  
  68  5:00  Roach  
  68  5:01  Roach  
  68  5:06  Overlord  
  72  5:13  Ravager x3  
  72  5:14  Ravager  
  76  5:15  Zergling x2  
  76  5:16  Zergling x2  
  76  5:20  Zergling x6  
  81  5:28  Zergling x8  
  85  5:30  Ravager  
  85  5:33  Zergling x2  
  85  5:35  Zergling x4  
  88  5:39  Ravager  
  88  5:41  Overlord  
  90  5:48  Overlord  
  90  5:55  Zergling x2  
  90  5:56  Zergling x8  
  89  6:00  Zergling x4  
  87  6:06  Ravager x2  
  87  6:07  Zergling x6  
  87  6:11  Ravager x2  
  93  6:13  Zergling x4  
  93  6:18  Ravager  
  97  6:20  Zergling x4  
  97  6:24  Zergling x4  
  101  6:31  Zergling x8  
  105  6:36  Zergling x4  
  103  6:40  Zergling x4  
  103  6:46  Overlord  
  101  6:47  Overlord  

Tags
 
Add a new tag
Caveats
  • Supply blocks, unpowered buildings, or Contaminate may cause inaccurate times.
  • Supply counts are checked every 10 seconds.